Map: [ESL] Stargazers

Players

Lambo

  • Race: Zerg Zerg
  • League: Master
  • Spawn Location: 11:00

Serral - Winner!

  • Race: Zerg Zerg
  • Spawn Location: 1:00

Event: HomeStory Cup XXI

VOD

Have the link to the VOD?

Description

Time

  • Played on: July 24, 2022, 1:46 p.m.
  • Length: 11:02

All games in this series

Show
View Real Time Build Order
Export as new Build Order

Lambo Zerg 

Build Orders: 3 Hatch before Pool 

Get SALT Encoding   

  12  0:00  Drone  
  13  0:12  Overlord  
  13  0:17  Drone  
  14  0:31  Drone x2  
  16  0:48  Hatchery  
  15  0:50  Drone  
  15  0:54  Drone  
  17  0:57  Drone  
  18  1:18  Hatchery  
  17  1:21  Drone  
  18  1:33  Spawning Pool  
  18  1:37  Drone  
  18  1:42  Drone  
  18  1:45  Drone  
  20  1:52  Drone  
  21  2:01  Drone  
  21  2:03  Drone  
  23  2:12  Extractor, Drone  
  23  2:15  Drone  
  24  2:20  Queen x2  
  28  2:25  Overlord  
  28  2:30  Zergling x2  
  28  2:31  Drone  
  28  2:33  Drone  
  28  2:35  Queen  
  33  2:43  Drone x2  
  35  2:46  Drone  
  36  2:53  Overlord  
  36  2:57  Drone x2  
  36  2:58  Drone  
  39  3:05  Drone x2  
  40  3:06  Drone  
  40  3:11  Queen  
  43  3:14  Overlord  
  43  3:18  Drone x2  
  45  3:25  Drone  
  45  3:26  Roach Warren  
  45  3:31  Drone x3  
  45  3:32  Evolution Chamber  
  45  3:33  Drone  
  45  3:34  Drone x2  
  50  3:36  Drone  
  50  3:39  Extractor  
  50  3:42  Queen  
  50  3:46  Overlord  
  52  3:50  Drone  
  52  3:52  Extractor  
  52  3:53  Drone x2  
  54  3:59  Drone x2  
  56  4:02  Overlord  
  56  4:04  Zerg Missile Weapons Level 1  
  56  4:07  Lair  
  56  4:10  Drone x2  
  56  4:13  Overlord  
  56  4:14  Drone, Extractor  
  56  4:16  Drone  
  59  4:20  Overlord  
  59  4:23  Drone x2  
  61  4:26  Overlord  
  61  4:36  Hatchery  
  61  4:38  Drone  
  61  4:40  Evolution Chamber  
  61  4:41  Drone  
  61  4:44  Drone x2  
  63  4:49  Drone  
  63  4:50  Drone x3  
  67  4:58  Evolution Chamber  
  66  5:00  Roach x3  
  66  5:03  Drone x2  
  66  5:04  Glial Reconstitution  
  74  5:10  Overseer  
  74  5:12  Zerg Ground Armor Level 1  
  75  5:14  Drone x2  
  75  5:18  Drone x2  
  78  5:23  Drone x3  
  78  5:24  Drone x2  
  83  5:30  Drone  
  86  5:37  Drone  
  86  5:40  Roach  
  89  5:47  Extractor  
  89  5:48  Extractor  
  87  5:50  Overlord  
  87  5:51  Roach x5  
  87  5:55  Overlord  
  87  5:56  Roach  
  87  5:57  Overlord  
  97  5:58  Pneumatized Carapace  
  97  6:00  Zerg Missile Weapons Level 2  
  97  6:06  Overlord  
  97  6:12  Overlord  
  97  6:14  Overlord  
  97  6:21  Drone x2  
  97  6:23  Roach x6  
  111  6:30  Roach x4, Hatchery  
  118  6:34  Roach x2  
  118  6:36  Ravager x5  
  127  6:43  Roach x3  
  133  6:48  Roach x4  
  133  6:49  Roach  
  133  6:52  Overlord  
  143  6:54  Overlord  
  143  6:57  Overlord  
  143  7:04  Nydus Network  
  143  7:05  Roach x2  
  143  7:06  Overlord  
  146  7:10  Overlord  
  146  7:12  Overlord  
  146  7:13  Roach x3  
  152  7:17  Roach x3  
  152  7:21  Roach x2  
  152  7:22  Roach  
  164  7:24  Roach  
  164  7:28  Roach x3  
  172  7:30  Roach  
  172  7:34  Roach x2  
  172  7:36  Roach  
  180  7:39  Burrow, Ravager x2  
  180  7:41  Roach x2  
  186  7:45  Roach x2  
  186  7:47  Roach  
  186  7:49  Roach x2  
  196  7:51  Nydus Canal  
  196  7:55  Roach x2  
  200  8:07  Nydus Canal  
  200  8:12  Zerg Ground Armor Level 2  
  200  8:24  Nydus Canal  
  196  8:41  Roach, Hatchery  
  194  8:43  Nydus Canal  
  194  8:48  Roach x2  
  194  9:00  Roach x3  
  190  9:08  Roach x6  
  186  9:11  Nydus Canal  
  186  9:12  Roach x5  
  186  9:16  Roach x2  
  194  9:18  Roach x9  
  194  9:19  Roach  
  194  9:21  Roach  
  194  9:23  Roach  
  192  9:28  Roach x3  
  192  9:30  Roach  
  194  9:33  Overlord  
  194  9:35  Overlord  
  169  9:39  Roach x10  
  169  9:41  Nydus Canal  
  169  9:42  Roach x6  
  169  9:45  Overseer  
  177  9:46  Roach x2  
  163  9:56  Roach x2  
  149  10:01  Roach  
  149  10:03  Roach  
  149  10:06  Extractor  
  128  10:07  Extractor  
  128  10:09  Nydus Canal  
  128  10:10  Roach x5  
  127  10:15  Roach x2  
  127  10:18  Roach  
  127  10:19  Roach  
  129  10:26  Nydus Canal  
  129  10:27  Roach x3  
  123  10:31  Roach x2  
  123  10:34  Roach  
  125  10:39  Roach  
  125  10:40  Roach x2  
  129  10:43  Roach x2  
Show
View Real Time Build Order
Export as new Build Order

Serral Zerg - Winner!

Build Orders: Hatch First 

Get SALT Encoding   

  12  0:00  Drone  
  13  0:12  Overlord  
  13  0:17  Drone  
  14  0:30  Drone x2  
  16  0:49  Hatchery  
  15  0:52  Drone  
  15  0:54  Drone  
  17  0:58  Drone  
  18  1:09  Extractor  
  17  1:13  Spawning Pool  
  17  1:16  Drone  
  17  1:19  Drone  
  18  1:27  Drone  
  19  1:39  Drone  
  20  2:00  Queen x2, Overlord  
  24  2:01  Drone, Zergling x2  
  26  2:11  Drone  
  26  2:12  Metabolic Boost  
  26  2:13  Drone  
  28  2:21  Drone  
  28  2:22  Drone  
  30  2:37  Drone x2  
  32  2:38  Hatchery  
  31  2:45  Drone  
  31  2:47  Baneling Nest  
  31  2:49  Overlord  
  31  2:54  Drone  
  31  2:55  Zergling x2  
  33  3:01  Queen  
  35  3:09  Drone x4  
  39  3:15  Overlord  
  39  3:18  Zergling x4  
  41  3:24  Zergling x2  
  41  3:25  Drone  
  41  3:26  Drone  
  44  3:29  Evolution Chamber, Drone  
  44  3:41  Drone x6  
  50  3:46  Drone  
  50  3:47  Drone  
  52  3:50  Overlord  
  52  3:53  Extractor  
  52  3:54  Zerg Ground Armor Level 1  
  51  4:00  Roach Warren  
  50  4:03  Overlord  
  50  4:08  Extractor  
  50  4:09  Zergling x4  
  51  4:11  Overlord  
  51  4:12  Zergling x2  
  52  4:22  Drone x6  
  58  4:30  Drone  
  59  4:34  Overlord  
  59  4:36  Drone  
  60  4:39  Roach x3  
  60  4:43  Roach x3  
  72  4:48  Lair  
  72  4:53  Drone  
  72  4:54  Drone  
  72  4:59  Roach  
  76  5:00  Overlord  
  75  5:13  Drone x3  
  75  5:14  Drone x2  
  80  5:15  Queen x2  
  80  5:19  Overlord  
  80  5:20  Drone x3  
  87  5:25  Overlord  
  87  5:26  Drone x5  
  92  5:30  Extractor  
  92  5:35  Drone x5  
  92  5:37  Extractor  
  92  5:38  Extractor  
  94  5:48  Overseer  
  94  5:49  Drone x8  
  104  5:51  Zerg Missile Weapons Level 1  
  104  5:55  Infestation Pit, Overlord  
  107  6:06  Overlord  
  107  6:07  Overlord  
  103  6:12  Roach x5  
  103  6:18  Overlord  
  112  6:19  Evolution Chamber, Overlord, Overseer  
  112  6:20  Glial Reconstitution  
  112  6:22  Overlord x3  
  111  6:33  Roach x4  
  111  6:38  Roach x3  
  125  6:40  Hatchery  
  125  6:41  Overlord  
  125  6:44  Roach x2  
  128  6:47  Overseer  
  128  6:49  Roach x2  
  128  6:51  Zerg Ground Armor Level 2  
  132  6:55  Roach x2  
  132  6:56  Roach  
  132  7:01  Roach x3  
  144  7:03  Burrow  
  144  7:06  Ravager x3  
  147  7:10  Ravager  
  147  7:11  Roach x3  
  147  7:15  Drone x2  
  156  7:18  Pneumatized Carapace  
  156  7:19  Roach x3  
  162  7:23  Roach x2  
  162  7:28  Overlord x3  
  166  7:35  Roach x3  
  166  7:36  Roach  
  174  7:40  Ravager  
  174  7:42  Drone  
  176  7:44  Overlord x2  
  176  7:46  Nydus Network  
  176  7:47  Roach x2  
  179  7:54  Zerg Missile Weapons Level 2  
  179  7:57  Roach x4  
  187  8:08  Roach x6  
  199  8:25  Nydus Canal  
  199  8:33  Roach  
  200  8:38  Roach Warren  
  194  8:43  Roach x3  
  193  8:55  Roach  
  193  8:56  Roach x3  
  193  8:58  Roach  
  191  9:05  Roach x12  
  187  9:13  Roach x8  
  195  9:19  Roach x3  
  195  9:22  Roach x7  
  195  9:25  Tunneling Claws  
  195  9:31  Overseer  
  195  9:35  Roach x4  
  193  9:41  Roach x6  
  194  9:45  Roach x2  
  194  9:46  Roach x3  
  194  9:49  Roach x3  
  194  9:50  Roach x3  
  192  9:53  Roach  
  176  10:00  Roach x2  
  176  10:02  Roach  
  176  10:04  Roach  
  164  10:08  Roach x7, Hatchery  
  164  10:09  Roach  
  157  10:15  Roach x8  
  157  10:16  Queen x4  
  177  10:28  Roach x4  
  179  10:33  Roach x2  
  183  10:39  Roach x2  
  183  10:42  Roach  
Tags
 
Add a new tag
Caveats
  • Supply blocks, unpowered buildings, or Contaminate may cause inaccurate times.
  • Supply counts are checked every 10 seconds.